 Dungeon Sprint DCSS version 0.21-a0-401-g0b6bec4 (webtiles) character file.

1100000 Ordine the Tortoise (level 12, 68/91 HPs)
             Began as a Gargoyle Fighter on Oct 23, 2017.
             Was an Initiate of Makhleb.
             Quit the game in the Dungeon (Sprint VIII: "Arena of Blood").
             The game lasted 00:00:30 (11 turns).

Ordine the Tortoise (Gargoyle Fighter)                Turns: 11, Time: 00:00:30

Health: 68/91      AC: 19    Str: 26    XL:     12   Next: 2%
Magic:  12/12      EV: 10    Int:  8    God:    Makhleb [......]
Gold:   0          SH:  0    Dex:  9    Spells: 11/11 levels left

rFire    . . .     SeeInvis .   l - +∞ Axe of Woe
rCold    . . .     Gourm    .   (shield currently unavailable)
rNeg     + . .     Faith    .   b - +0 scale mail
rPois    ∞         Spirit   .   (no helmet)
rElec    +         Reflect  .   (no cloak)
rCorr    .         Harm     .   (no gloves)
MR       .....     NoTele   +   (no boots)
Stlth    ..........             (no amulet)
HPRegen  0.25/turn              (no ring)
MPRegen  0.13/turn              (no ring)

@: no status effects
A: negative energy resistance 1, electricity resistance, unbreathing,
petrification resistance, rot immunity, AC +8
a: Renounce Religion


You were in the Dungeon.
You worshipped Makhleb.
Makhleb was noncommittal.
You were not hungry.

You visited 1 branch

Inventory:

Hand Weapons
 a - a +0 war axe
 l - the +∞ Axe of Woe (weapon)
   (You found it in the Dungeon)
Armour
 b - a +0 scale mail (worn)
 c - a +0 shield
Scrolls
 k - a scroll of blinking
Potions
 d - a potion of might
 e - a potion of curing
 g - a potion of heal wounds
 h - a potion of haste
 i - 2 potions of magic
 j - a potion of berserk rage
Comestibles
 f - a bread ration


   Skills:
 + Level 17.4 Fighting
 + Level 8.1 Axes
 + Level 17.4 Armour
 + Level 17.1 Shields


You had 11 spell levels left.
You didn't know any spells.

Dungeon Overview and Level Annotations

Branches:
Dungeon (1/1)

Altars:
Makhleb


Innate Abilities, Weirdness & Mutations

You are resistant to torment.
Your stone body is resilient. (AC +8)
You are immune to poison.
You resist negative energy. (rN+)
You are resistant to electric shocks. (rElec)
You can survive without breathing.
You are immune to petrification.
You are immune to rotting.


Message History

You have reached level 12!
Your experience leads to an increase in your attributes!
Increase (S)trength, (I)ntelligence, or (D)exterity?
You feel stronger. x2
You hear a shout! x8
The bag of meat hits you with a +9 war axe!!
You hear a shout!
Unknown command.
Press < or > to pray at altars.
Unknown command.
Press < or > to pray at altars.
Unknown command.
Press < or > to pray at altars.
Unknown command.
Press < or > to pray at altars.
Unknown command.
Press < or > to pray at altars.
Unknown command.
Press < or > to pray at altars.
Are you sure you want to abandon this character and quit the game? (Confirm with "yes".)

....o .o #...
.# o #... ..#
..###... ..###.
.....o###......
....._......
#.....# #@oo._#
#.....#
....._......
......###......
..###... ..###.
. #... ..# #...
.# ..... ..


You could see 4 bags of meat.

Vanquished Creatures
  An orc (D)
1 creature vanquished.

Notes
Turn   | Place    | Note
-------+----------+-------------------------------------------
     0 | D        | Found the +∞ Axe of Woe
     0 | D        | Ordine the Gargoyle Fighter began the quest for the Orb.
     0 | D        | Reached XP level 1. HP: 14/14 MP: 1/1
     3 | D        | Noticed a bag of meat
     3 | D        | Noticed a bag of meat
     4 | D        | Noticed a bag of meat
     6 | D        | Noticed a bag of meat
     7 | D        | Noticed a bag of meat
     8 | D        | Noticed a bag of meat
     8 | D        | Became a worshipper of Makhleb the Destroyer
    10 | D        | Killed a bag of meat
    10 | D        | Reached XP level 2. HP: 37/37 MP: 2/2
    10 | D        | Reached XP level 3. HP: 42/42 MP: 3/3
    10 | D        | Reached XP level 4. HP: 48/48 MP: 4/4
    10 | D        | Reached XP level 5. HP: 53/53 MP: 5/5
    10 | D        | Reached XP level 6. HP: 59/59 MP: 6/6
    10 | D        | Reached XP level 7. HP: 64/64 MP: 7/7
    10 | D        | Reached XP level 8. HP: 69/69 MP: 8/8
    10 | D        | Reached XP level 9. HP: 75/75 MP: 9/9
    10 | D        | Reached XP level 10. HP: 80/80 MP: 10/10
    10 | D        | Reached XP level 11. HP: 85/85 MP: 11/11
    10 | D        | Reached XP level 12. HP: 91/91 MP: 12/12
    11 | D        | Quit the game

Vault maps used:
D:        meatsprint

Skill      XL: |  1 |
---------------+----+-----
Fighting       | 17 | 17.4
Axes           | 8 |  8.1
Armour         | 17 | 17.4
Shields        | 17 | 17.1

Action                   |  1- 3 |  4- 6 |  7- 9 | 10-12 || total
-------------------------+-------+-------+-------+-------++-------
Melee: Executioner's axe |     1 |       |       |       ||     1

Table legend:
 A = Spawn XP
 B = Non-spawn XP
 C = Spawn XP percentage of total XP
 D = Spawn monster count
 E = Non-spawn monster count
 F = Spawn count percentage of total count
 G = Total turns spent on level
                    A         B        C        D         E        F      G
               +---------+---------+-------+---------+---------+-------+---------
         Total |       0 |   18760 |   0.0 |       0 |       1 |   0.0 |    11
               +---------+---------+-------+---------+---------+-------+---------
             D |       0 |   18760 |   0.0 |       0 |       1 |   0.0 |    11
               +---------+---------+-------+---------+---------+-------+---------
